 Dungeon Crawl Stone Soup version 0.20-a0-261-gcb1eca7 (webtiles) character file.

645 Karnivor the Digger (level 7, 36/36 HPs)
             Began as a Gargoyle Earth Elementalist on Dec 4, 2016.
             Quit the game on level 4 of the Dungeon.
             The game lasted 00:28:48 (6013 turns).

Karnivor the Digger (Gargoyle Earth Elementalist)   Turns: 6013, Time: 00:28:48

Health: 36/36      AC: 11    Str: 11    XL:     7   Next: 52%
Magic:  13/13      EV: 12    Int: 18    God:
Gold:   155        SH:  0    Dex: 10    Spells: 6/15 levels left

rFire  . . .     SeeInvis .     p - +0 flail
rCold  . . .     Gourm    .     c - +0 robe
rNeg   + . .     Faith    .     (no shield)
rPois  ∞         Spirit   .     h - +0 helmet
rElec  +         Reflect  .     r - +0 cloak
rCorr  .         Harm     .     i - +0 pair of gloves
MR     .....                    q - +1 pair of boots
Stlth  ++........               (no amulet)
                                (no ring)
                                (no ring)

@: no status effects
A: negative energy resistance 1, electricity resistance, unbreathing,
petrification resistance, rot immunity, AC +4
a: no special abilities


You were on level 4 of the Dungeon.
You were not hungry.

You visited 1 branch of the dungeon, and saw 4 of its levels.

You collected 155 gold pieces.

Inventory:

Hand Weapons
 p - a +0 flail (weapon)
Missiles
 b - 121 stones (quivered)
Armour
 c - a +0 robe (worn)
 h - a +0 helmet (worn)
 i - a +0 pair of gloves (worn)
 q - a +1 pair of boots (worn)
 r - a +0 cloak (worn)
Scrolls
 a - 3 scrolls of identify
 j - 2 scrolls of magic mapping
 n - 5 scrolls of remove curse
Potions
 e - a potion of cancellation {unknown}
 k - 2 potions of agility
 m - a potion of lignification {unknown}
 o - a potion of brilliance
 u - a potion of berserk rage {unknown}
Comestibles
 d - 5 bread rations
 f - a beef jerky
 l - 3 meat rations
 t - 2 chunks of flesh


   Skills:
 - Level 1.5 Dodging
 - Level 2.1 Stealth
 + Level 4.5 Spellcasting
 * Level 4.6 Conjurations
   Level 0.7 Transmutations
 + Level 6.7 Earth Magic


You had 6 spell levels left.
You knew the following spells:

 Your Spells              Type           Power        Failure   Level  Hunger
a - Sandblast             Erth           ####..       1%          1    None
b - Stone Arrow           Conj/Erth      ###...       4%          3    ###....
c - Lee's Rapid Deconstr  Erth           ####......   28%         5    ######.


Dungeon Overview and Level Annotations

Branches:
Dungeon (4/15)
 Temple: D:4-7

Altars:
Cheibriados
Xom

Shops:
D:4 =


Innate Abilities, Weirdness & Mutations

You are resistant to torment.
Your stone body is resilient. (AC +4)
You are immune to poison.
You resist negative energy. (rN+)
You are resistant to electric shocks. (rElec)
You can survive without breathing.
You are immune to petrification.
You are immune to rotting.


Message History

Blink to where?
Press: ? - help, Dir - move target cursor, f - you Are you sure you want to cancel this blink?
Blink to where?
Press: ? - help, Dir - move target cursor, f - you Are you sure you want to cancel this blink? [Y]es or [N]o only, please.
Are you sure you want to cancel this blink?
Okay, then.
As you read the scroll labeled WICWOUFFAMP, it crumbles to dust.
It was a scroll of blinking.
As you read the scroll labeled EDEFAO ECAQ, it crumbles to dust.
The air around you briefly surges with heat, but it dissipates.
It was a scroll of immolation.
Done exploring.
Done exploring.
Unknown command.
Unknown command.
Unknown command.
Are you sure you want to abandon this character and quit the game? (Confirm with "yes".)

##.###.#
#.........#.......##
#####.#
#####.######.....##
#...<.# #.# ##...##
#.##### #.# ##'##
#.# #.## #.# #.#
#..# #.# #.#
###.#######.## #.#
#............## ##.#
#@#...........####
...#
#.#.#####.........
####
#.#.#####.#...####
#............##
#.........#.##
###.......#.#
#########.# #.# #.#


There were no monsters in sight!

Vanquished Creatures
  Sigmund (D:3)
  The ghost of Fear the Magician, an amateur DsWn of Gozag (D:4)
  A howler monkey (D:4)
  A hound (D:4)
  An orc priest (D:3)
  An orc wizard (D:3)
  Terence (D:2)
  An iguana (D:4)
  2 worker ants (D:4)
  2 adders (D:2)
  A gnoll (D:1)
  An ooze (D:1)
  An adder skeleton (D:4)
  3 worms (D:2)
  A dart slug (D:3)
  4 leopard geckos
  10 orcs
  A ball python (D:3)
  4 giant cockroaches
  4 goblins
  6 hobgoblins
  10 jackals
  13 kobolds
  A quokka (D:2)
  6 bats
  5 frilled lizards
  A leopard gecko skeleton (D:4)
  A quokka skeleton (D:4)
  12 rats
97 creatures vanquished.

Vanquished Creatures (others)
  A plant (D:1)
1 creature vanquished.

Grand Total: 98 creatures vanquished

Notes
Turn   | Place    | Note
-------+----------+-------------------------------------------
     0 | D:1      | Karnivor the Gargoyle Earth Elementalist began the quest for the Orb.
     0 | D:1      | Reached XP level 1. HP: 10/10 MP: 3/3
   249 | D:1      | Reached XP level 2. HP: 2/15 MP: 0/5
   262 | D:1      | Reached skill level 4 in Earth Magic
   891 | D:1      | Reached XP level 3. HP: 19/19 MP: 0/6
  1687 | D:2      | Reached skill level 5 in Earth Magic
  1689 | D:2      | Reached XP level 4. HP: 5/24 MP: 1/8
  2192 | D:2      | Found a shimmering altar of Xom.
  2194 | D:2      | Found a shimmering altar of Xom.
  2194 | D:2      | Found a shimmering altar of Xom.
  2194 | D:2      | Found a shimmering altar of Xom.
  2483 | D:2      | Noticed Terence
  2540 | D:2      | HP: 1/24 [Terence/hand axe (4)]
  2838 | D:2      | Killed Terence
  2838 | D:2      | Reached XP level 5. HP: 23/28 MP: 2/10
  2845 | D:2      | Learned a level 3 spell: Stone Arrow
  2852 | D:2      | Learned a level 5 spell: Lee's Rapid Deconstruction
  3330 | D:3      | Reached skill level 1 in Conjurations
  3930 | D:3      | Noticed Sigmund
  3946 | D:3      | Killed Sigmund
  3946 | D:3      | Reached skill level 6 in Earth Magic
  3946 | D:3      | Reached XP level 6. HP: 9/32 MP: 5/12
  4647 | D:4      | Noticed Fear's ghost (amateur DsWn)
  5069 | D:4      | Found a snail-covered altar of Cheibriados.
  5188 | D:4      | Reached XP level 7. HP: 36/36 MP: 9/13
  5335 | D:4      | Killed Fear's ghost
  5451 | D:4      | Found Oboteymp's Jewellery Shop.
  6013 | D:4      | Quit the game

Vault maps used:
D:1:      dpeg_arrival_chase, lexackson_kobold_supper
D:2:      first_bread, xom_redecorated, uniq_terence
D:3:      uniq_sigmund
D:4:      cheibriados_altar_1, serial_shops, shop_fountains, minmay_quantized

Skill      XL: |  1  2  3  4  5  6  7 |
---------------+----------------------+-----
Earth Magic    | 4 5 6 |  6.7
Spellcasting   | 3 4 |  4.5
Conjurations   | 2 3 4 |  4.6
Dodging        | |  1.5
Stealth        | |  2.1
Transmutations | |  0.7

Action                   |  1- 3 |  4- 6 |  7- 9 || total
-------------------------+-------+-------+-------++-------
Melee: Unarmed           |     9 |       |       ||     9
       Short sword       |    20 |       |       ||    20
       Whip              |    70 |   136 |       ||   206
       Flail             |       |    45 |     9 ||    54
 Cast: Sandblast         |    31 |   100 |    30 ||   161
       Stone Arrow       |       |     5 |       ||     5
  Use: Scroll            |       |    12 |     2 ||    14
 Stab: Distracted        |     1 |     1 |       ||     2
       Sleeping          |       |     2 |       ||     2
  Eat: Chunk             |     3 |    12 |     2 ||    17
Armor: Robe              |    51 |    93 |    11 ||   155
Dodge: Dodged            |   115 |   198 |    18 ||   331
